 Dungeon Crawl Stone Soup version 0.32-a0-871-ge202e49faa (webtiles) character file.

Game seed: 9102110154077145426

1173 pokeman the Thaumaturge (level 8, -7/43 (44) HPs)
             Began as a Deep Elf Hedge Wizard on Mar 28, 2024.
             Was an Initiate of Vehumet.
             Killed by divine providence
             ... invoked by an orc priest
              (13 damage)
             ... on level 6 of the Dungeon on Mar 29, 2024.
             The game lasted 00:12:10 (5811 turns).

pokeman the Thaumaturge (Deep Elf Hedge Wizard)     Turns: 5811, Time: 00:12:10

HP:   -7/43 (44)    AC:  5    Str:  7    XL:     8   Next: 18%
MP:   3/23          EV: 12    Int: 22    God:    Vehumet [......]
Gold: 397           SH:  0    Dex: 14    Spells: 7/25 levels left

rFire   x . .        a - +0 dagger
rCold   . . .        (no shield)
rNeg    . . .        h - +2 robe of Byrudul {+Blink rPois rF- SInv}
rPois   +            l - +0 helmet
rElec   .            (no cloak)
rCorr   .            (no gloves)
SInv    +            (no boots)
Will    .....        (no amulet)
Stlth   ++           (no ring)
HPRegen 0.27/turn    (no ring)
MPRegen 0.18/turn

%: no passive effects
@: very slightly contaminated, lightly drained
A: no striking features
a: Renounce Religion, Evoke Blink


You were on level 6 of the Dungeon.
You worshipped Vehumet.
Vehumet was noncommittal.
You visited 1 branch of the dungeon, and saw 6 of its levels.

You collected 397 gold pieces.

Inventory:

Hand Weapons
 a - a +0 dagger (weapon)
Armour
 h - the +2 robe of Byrudul (worn) {+Blink rPois rF- SInv}
   (You found it on level 2 of the Dungeon)

   rF-:       It makes you vulnerable to fire.
   rPois:     It protects you from poison.
   SInv:      It lets you see invisible.
   +Blink:    It lets you blink.
 l - a +0 helmet (worn)
 w - a +2 leather armour of cold resistance
Magical Staves
 q - a staff of fire
 v - a staff of alchemy
Wands
 o - a wand of mindburst (4)
Scrolls
 b - a scroll of fog {unknown}
 f - 3 scrolls of immolation {unknown}
 g - 2 scrolls of teleportation {unknown}
 i - 2 scrolls of vulnerability {unknown}
 j - 2 scrolls of noise {unknown}
 k - a scroll of amnesia {unknown}
 m - 2 scrolls of fear {unknown}
 n - 3 scrolls of blinking {unknown}
 r - a scroll of enchant weapon {unknown}
 t - a scroll of enchant armour {unknown}
 u - a scroll of silence {unknown}
 x - 4 scrolls of identify {unknown}
 y - a scroll of poison {unknown}
Potions
 c - 2 potions of attraction {unknown}
 d - 2 potions of magic
 e - 2 potions of heal wounds {unknown}
 p - a potion of ambrosia {unknown}
 s - a potion of enlightenment {unknown}
 z - 2 potions of mutation {unknown}


   Skills:
 - Level 2.0 Fighting
 + Level 1.9 Armour
 - Level 3.2 Dodging
 - Level 3.0 Stealth
 * Level 9.1 Spellcasting
 + Level 4.6 Conjurations
 - Level 1.1 Summonings
 - Level 1.0 Necromancy
 - Level 1.1 Translocations
 - Level 2.0 Fire Magic
 + Level 2.7 Ice Magic
 - Level 1.1 Air Magic
 - Level 1.0 Alchemy
 - Level 1.0 Evocations


You had 7 spell levels left.
You knew the following spells:

 Your Spells              Type           Power      Damage    Failure   Level
a - Magic Dart            Conj           100%       1d8       1%          1
b - Mephitic Cloud        Conj/Alch/Air  20%        N/A       8%          3
c - Call Imp              Summ           28%        N/A       6%          2
d - Blink                 Tloc           28%        N/A       6%          2
e - Hailstorm             Conj/Ice       26%        3d7       4%          3
f - Dispel Undead         Necr           14%        3d10      38%         4
g - Summon Ice Beast      Ice/Summ       18%        N/A       9%          3

Your spell library contained the following spells:

 Spells                   Type           Power      Damage    Failure   Level
 Kiss of Death            Conj/Necr      88%        2d12      1%          1
 Sting                    Conj/Alch      88%        1d8       1%          1
 Cigotuvi's Dreadful Rot  Necr/Alch/Air  28%        N/A       6%          2
 Mercury Vapours          Alch/Air       28%        N/A       6%          2
 Slow                     Hex            40%        N/A       7%          1
 Confusing Touch          Hex            10%        N/A       21%         3
 Olgreb's Toxic Radiance  Alch           14%        N/A       38%         4
 Permafrost Eruption      Ice/Erth       8%         2x4d4     99%         6
 Sculpt Simulacrum        Ice/Alch       9%         N/A       99%         6


Dungeon Overview and Level Annotations

Branches:
Dungeon (6/15)             Temple (0/1) D:6

Altars:
Hepliaklqana
Kikubaaqudgha
Ru
Vehumet

Annotations:
D:5 Loot behind freezing clouds


Message History

Aim: a wight, wielding a +0 dire flail and wearing a +0 robe (severely damaged, not watching you, ally target, 100% to hit)
The magic dart hits the wight.
The wight is almost destroyed.
The orc shoots a sling bullet.
The sling bullet hits you.
Your ice beast misses the wight.
Casting: Magic Dart (safe; 1% risk of failure)
Confirm with . or Enter, or press ? or * to list all spells.
Aiming: Magic Dart (safe; 1% risk of failure)
Press: ? - help, Shift-Dir - straight line, f/p - wight
Aim: a wight, wielding a +0 dire flail and wearing a +0 robe (almost destroyed, ally target, 100% to hit)
The magic dart hits the wight but does no damage.
The wight is almost destroyed.
The wight barely misses your ice beast.
An orc comes into view. It is wielding a +0 dagger.
Your ice beast hits the orc but does no damage.
Something hits your ice beast!
Your ice beast dies!
Your ice beast disappears in a puff of smoke!
An orc wizard comes into view. It is wielding a +1 dagger of venom.
You feel ready to blink again.
Casting: Magic Dart (safe; 1% risk of failure)
Confirm with . or Enter, or press ? or * to list all spells.
You don't have enough magic to cast this spell.
Okay, then.
Unknown command.
Unknown command.
The orc priest invokes the aid of Beogh against you.
Beogh smites you!
* * * LOW HITPOINT WARNING * * *
You hear a shout!
The scorpion stings you but does no damage.
The orc shoots a sling bullet.
The sling bullet hits you but does no damage.
The scorpion attacks as it pursues you!
The scorpion stings you but does no damage.
The scorpion stings you.
* * * LOW HITPOINT WARNING * * *
The orc priest mumbles some strange prayers to Beogh against you.
Beogh smites you!
You die...

..o............#.................
.....................##..........
#....z.##.............#.....#....
....o..#...................###...
...#......................## #...
...###...z.o...............# ####
....#....z.................#
#.........o..........#.####
###......o.....@#.#..###
#......ozo..s.######
#........##..## #...........##
##........o..# #.....#.#........#
###.#.#.#........#
#########.....## ##..###


You could see an orc warrior, a scorpion, 3 wights, an orc priest and 4 orcs.

Vanquished Creatures
  Eustachio (D:6)
  An ice beast (D:5)
  A black bear (D:6)
  An ogre (D:5)
  A centaur (D:5)
  A phantom (D:4)
  A bullfrog (D:6)
  A bombardier beetle (D:5)
  A howler monkey (D:4)
  3 jellies (D:4)
  An orc priest (D:5)
  4 hounds
  An iguana (D:5)
  8 adders
  A shadow imp (D:5)
  2 ufetubi (D:6)
  A ribbon worm (D:2)
  5 orcs
  5 ball pythons
  5 bats (D:1)
  7 endoplasms
  2 giant cockroaches (D:2)
  6 goblins
  2 hobgoblins
  4 quokkas
  3 frilled lizards
  8 kobolds
  6 rats
83 creatures vanquished.

Vanquished Creatures (collateral kills)
  A scorpion (D:5)
  2 ufetubi (D:6)
3 creatures vanquished.

Grand Total: 86 creatures vanquished

Notes
Turn   | Place    | Note
-------+----------+-------------------------------------------
     0 | D:1      | pokeman the Deep Elf Hedge Wizard began the quest for the
                  | Orb.
     0 | D:1      | Reached XP level 1. HP: 10/10 MP: 7/7
   348 | D:1      | Reached XP level 2. HP: 16/16 MP: 6/9
  1159 | D:1      | Reached skill level 5 in Spellcasting
  1669 | D:2      | Reached XP level 3. HP: 20/20 MP: 4/11
  1673 | D:2      | Learned a level 3 spell: Mephitic Cloud
  1676 | D:2      | Learned a level 2 spell: Call Imp
  1679 | D:2      | Learned a level 2 spell: Blink
  1781 | D:2      | Identified the +2 robe of Byrudul {+Blink rPois rF- SInv}
  1826 | D:2      | Learned a level 3 spell: Hailstorm
  2284 | D:3      | Reached skill level 1 in Fighting
  2375 | D:3      | Reached skill level 1 in Armour
  2679 | D:3      | Reached XP level 4. HP: 25/25 MP: 4/13
  3025 | D:3      | You fall into a shaft and drop 1 floor!
  3247 | D:4      | Noticed a phantom
  3261 | D:4      | Killed a phantom
  3262 | D:4      | Reached skill level 6 in Spellcasting
  3262 | D:4      | Reached skill level 1 in Evocations
  3262 | D:4      | Reached XP level 5. HP: 15/29 MP: 1/15
  3267 | D:4      | Learned a level 4 spell: Dispel Undead
  3601 | D:4      | Reached skill level 1 in Necromancy
  3601 | D:4      | Reached XP level 6. HP: 34/34 MP: 10/17
  3620 | D:4      | Reached skill level 1 in Ice Magic
  3908 | D:4      | Found a hazy altar of Hepliaklqana.
  3908 | D:4      | Found an ancient bone altar of Kikubaaqudgha.
  3927 | D:4      | Reached skill level 1 in Air Magic
  3927 | D:4      | Reached skill level 1 in Alchemy
  4407 | D:5      | Entered Level 5 of the Dungeon
  4419 | D:4      | Reached skill level 7 in Spellcasting
  4548 | D:5      | Reached skill level 1 in Fire Magic
  4548 | D:5      | Noticed an ice beast
  4570 | D:5      | Found a sacrificial altar of Ru.
  4582 | D:5      | Killed an ice beast
  4583 | D:5      | Reached XP level 7. HP: 19/38 MP: 5/20
  4898 | D:5      | Reached skill level 8 in Spellcasting
  4954 | D:5      | Upgraded the game from 0.32-a0-868-g153ae1a8d6 to
                  | 0.32-a0-871-ge202e49faa
  5211 | D:5      | Found a radiant altar of Vehumet.
  5218 | D:5      | Became a worshipper of Vehumet
  5420 | D:5      | Learned a level 3 spell: Summon Ice Beast
  5477 | D:6      | Noticed Eustachio
  5479 | D:6      | Found a staircase to the Ecumenical Temple.
  5493 | D:6      | Killed Eustachio
  5494 | D:6      | Reached XP level 8. HP: 40/44 MP: 7/22
  5541 | D:6      | Reached skill level 9 in Spellcasting
  5811 | D:6      | Killed from afar by an orc priest

Illustrated notes

Levels and vault maps discovered:
D:1:      psy_arrival_radial02, layout_loops_corners, hangedman_decor_growths
D:2:      layout_rooms, serial_curves, eino_curves_03, eino_curves_04
D:3:      layout_basic, hex_tiny
D:4:      layout_basic, jmf_multi_god_temple, chequers_serial_rivers_small_a,
          minmay_tree_intersection
D:5:      lemuel_ice_spiral_2, layout_rooms, nicolae_vehumet_altar_sigil,
          mainiacjoe_overflow_alcove_1
D:6:      minmay_chambers_of_threes, layout_cave_pools,
          minmay_temple_entry_glass, uniq_eustachio

Skill      XL: |  1  2  3  4  5  6  7  8 |
---------------+-------------------------+-----
Spellcasting   | 5 6 7 8 9 |  9.1
Fighting       | 1 2 |  2.0
Armour         | 1 |  1.9
Conjurations   | 2 3 4 |  4.6
Stealth        | 3 |  3.0
Dodging        | 3 |  3.2
Evocations     | 1 |  1.0
Necromancy     | 1 |  1.0
Ice Magic      | 1 2 |  2.7
Air Magic      | 1 |  1.1
Alchemy        | 1 |  1.0
Fire Magic     | 1 2 |  2.0
Summonings     | |  1.1
Translocations | |  1.1

Action                     |  1- 3 |  4- 6 |  7- 9 || total
---------------------------+-------+-------+-------++-------
  Melee: Dagger            |     1 |     8 |    52 ||    61
   Cast: Magic Dart        |   114 |   109 |    40 ||   263
         Mephitic Cloud    |       |     3 |    10 ||    13
         Call Imp          |       |     1 |     1 ||     2
         Hailstorm         |       |       |    10 ||    10
         Summon Ice Beast  |       |       |     2 ||     2
         Blink             |       |       |     1 ||     1
         Dispel Undead     |       |       |     1 ||     1
  Evoke: Wand              |       |     3 |       ||     3
   Stab: Confused          |       |       |     7 ||     7
 Armour: Robe              |     7 |    22 |    39 ||    68
  Dodge: Dodged            |     5 |    38 |    70 ||   113

Table legend: (Time is in decaauts)
 A = Elapsed time spent in this place.
 B = Non-inter-level travel time spent in this place.
 C = Inter-level travel time spent in this place.
 D = Time resting spent in this place.
 E = Time spent auto-exploring this place.
 F = Levels seen in this place.
 G = Mean time per level.
                   A        B        C        D        E       F      G
               +--------+--------+--------+--------+--------+-----+--------+
         Total |   5812 |   5613 |    199 |     81 |   4819 |   6 |  968.7 |
       Dungeon |   5812 |   5613 |    199 |     81 |   4819 |   6 |  968.7 |
               +--------+--------+--------+--------+--------+-----+--------+

Top non-repeatable levels by time:
     D:1: 1579 daAuts
     D:4: 1500 daAuts
     D:5: 968 daAuts
     D:3: 742 daAuts
     D:2: 702 daAuts
     D:6: 319 daAuts
